[Event "ICC tourney 2398 (75 10)"]
[Site "Internet Chess Club"]
[Date "2021.02.20"]
[Round "2"]
[White "el008"]
[Black "Slivovitz"]
[Result "1-0"]
[ICCResult "Black resigns"]
[WhiteElo "1971"]
[BlackElo "2055"]
[Opening "Caro-Kann: exchange variation"]
[ECO "B13"]
[NIC "CK.02"]
[Time "14:31:21"]
[PlyCount "125"]
[TimeControl "4500+10"]

1. e4 c6 2. d4 d5 3. exd5 cxd5 4. Bd3 Nc6 5. c3 Nf6 6. h3 g6 7. Nf3 Bf5 8.
Bf4 Bxd3 9. Qxd3 Bg7 10. Nbd2 O-O 11. O-O Rc8 12. Rfe1 e6 13. Bh2 Ne8 14.
Ne5 Nd6 15. f4 Re8 16. g4 f6 17. Nxc6 Rxc6 18. Re2 f5 19. Rae1 Ne4 20. Nxe4
fxe4 21. Qe3 b5 22. a3 a5 23. Bg3 Qb6 24. Rf1 b4 25. axb4 axb4 26. Be1 Rf8
27. h4 bxc3 28. bxc3 Rc7 29. Bd2 Rfc8 30. Kh1 Qd6 31. Qh3 Rf8 32. Ref2 Rcf7
33. h5 g5 34. h6 Bxd4 35. cxd4 gxf4 36. Qh2 Qb6 37. Rxf4 Rxf4 38. Rxf4 Rxf4
39. Qxf4 Qxd4 40. Qc7 Qf6 41. Bf4 Qh4+ 42. Kg2 Qxg4+ 43. Kf1 Qd1+ 44. Kf2
Qf3+ 45. Ke1 Qg4 46. Qe7 Qg6 47. Bd6 Qg1+ 48. Ke2 Qg2+ 49. Ke3 Qg1+ 50. Kf4
Qh2+ 51. Kg5 Qd2+ 52. Bf4 Qg2+ 53. Kf6 Qg6+ 54. Ke5 Qf5+ 55. Kd4 Qg6 56.
Bd6 Qg1+ 57. Kc3 Qc1+ 58. Kb4 Qc4+ 59. Ka5 Qa2+ 60. Ba3 Qd2+ 61. Bb4 Qa2+
62. Kb6 Qf2+ 63. Bc5 { Black resigns } 1-0

[Event "ICC tourney 2398 (75 10)"]
[Site "Internet Chess Club"]
[Date "2021.02.20"]
[Round "3"]
[White "Slivovitz"]
[Black "Mrpeetapizza"]
[Result "0-1"]
[ICCResult "White resigns"]
[WhiteElo "2055"]
[BlackElo "1896"]
[Opening "Neo-Grünfeld, 6.cd Nxd5, 7.O-O c5, 8.dc"]
[ECO "D75"]
[NIC "QP.11"]
[Time "18:02:07"]
[PlyCount "30"]
[TimeControl "4500+10"]

1. Nf3 Nf6 2. g3 g6 3. Bg2 Bg7 4. O-O O-O 5. c4 d5 6. cxd5 Nxd5 7. d4 c5 8.
dxc5 Na6 9. Nbd2 Nxc5 10. Nb3 Nxb3 11. Qxb3 Nb6 12. Rd1 Qc7 13. Nd4 Bd7 14.
Be3 Ba4 15. Nb5 Qe5 { White resigns } 0-1

[Event "ICC tourney 2398 (75 10)"]
[Site "Internet Chess Club"]
[Date "2021.02.20"]
[Round "3"]
[White "HR2005"]
[Black "MARMAYOGI11"]
[Result "1/2-1/2"]
[ICCResult "Game drawn by mutual agreement"]
[WhiteElo "2060"]
[BlackElo "2141"]
[Opening "Ruy Lopez: Anderssen variation"]
[ECO "C77"]
[NIC "RL.12"]
[Time "18:01:45"]
[PlyCount "45"]
[TimeControl "4500+10"]

1. e4 e5 2. Nf3 Nc6 3. Bb5 a6 4. Ba4 Nf6 5. d3 b5 6. Bb3 Bc5 7. Nc3 d6 8.
a4 Rb8 9. axb5 axb5 10. h3 Be6 11. Nd5 h6 12. c3 O-O 13. O-O Bxd5 14. exd5
Ne7 15. d4 exd4 16. Nxd4 Qd7 17. Ne2 Nf5 18. Qd3 Rfe8 19. Bf4 Nh5 20. Bd2
Nh4 21. Bc2 Ng6 22. Ng3 Nf6 23. Qf3 { Game drawn by mutual agreement }
1/2-1/2

[Event "ICC tourney 2398 (75 10)"]
[Site "Internet Chess Club"]
[Date "2021.02.20"]
[Round "3"]
[White "GeorgeDai"]
[Black "sirking2800"]
[Result "0-1"]
[ICCResult "White resigns"]
[WhiteElo "2078"]
[BlackElo "2005"]
[Opening "Pirc: classical, h3 system"]
[ECO "A48"]
[NIC "PU.10"]
[Time "18:02:10"]
[PlyCount "42"]
[TimeControl "4500+10"]

1. d4 Nf6 2. Nf3 g6 3. Nc3 Bg7 4. e4 d6 5. h3 Bd7 6. Be3 a6 7. a4 Nc6 8.
Qd2 e5 9. d5 Ne7 10. Bh6 O-O 11. g4 b5 12. Bxg7 Kxg7 13. Bd3 c5 14. b3 Qc8
15. axb5 axb5 16. Rxa8 Qxa8 17. O-O Qc8 18. Qe2 h5 19. g5 Nh7 20. h4 Bh3
21. Ra1 Qg4+ { White resigns } 0-1

[Event "ICC tourney 2398 (75 10)"]
[Site "Internet Chess Club"]
[Date "2021.02.20"]
[Round "3"]
[White "Baseballchamp"]
[Black "mr-sosa"]
[Result "0-1"]
[ICCResult "White resigns"]
[WhiteElo "1904"]
[BlackElo "2086"]
[Opening "Sicilian: Alapin's variation (2.c3)"]
[ECO "B22"]
[NIC "SI.46"]
[Time "18:01:41"]
[PlyCount "94"]
[TimeControl "4500+10"]

1. e4 c5 2. c3 d5 3. exd5 Qxd5 4. d4 Nc6 5. Nf3 Bg4 6. Be2 Nf6 7. O-O e6 8.
Na3 cxd4 9. Nb5 Qd7 10. Nbxd4 Nxd4 11. Nxd4 Bxe2 12. Qxe2 Be7 13. Rd1 Qa4
14. Qb5+ Qxb5 15. Nxb5 O-O 16. Be3 a6 17. Nd4 Nd5 18. Nf5 Bf6 19. Nd6 Nxe3
20. fxe3 b5 21. a4 Rab8 22. axb5 axb5 23. Ne4 Be5 24. Ra5 Bc7 25. Ra7 Bb6
26. Rad7 Bxe3+ 27. Kf1 h5 28. Re7 Rfd8 29. Rdd7 Rxd7 30. Rxd7 Bf4 31. g3
Be5 32. Ke2 f5 33. Nc5 Kh7 34. Kd2 Rb6 35. Rb7 Rxb7 36. Nxb7 f4 37. Ke2
fxg3 38. hxg3 Bxg3 39. Kf3 Bc7 40. Nc5 e5 41. b3 g5 42. Ne6 g4+ 43. Kg2 Bd6
44. Ng5+ Kg6 45. Ne4 Bc7 46. c4 bxc4 47. bxc4 h4 { White resigns } 0-1

[Event "ICC tourney 2398 (75 10)"]
[Site "Internet Chess Club"]
[Date "2021.02.20"]
[Round "3"]
[White "Lonestarpawn"]
[Black "Yucheng"]
[Result "1-0"]
[ICCResult "Black resigns"]
[WhiteElo "2011"]
[BlackElo "1926"]
[Opening "Ruy Lopez: closed defense"]
[ECO "C84"]
[NIC "RL.13"]
[Time "18:02:35"]
[PlyCount "81"]
[TimeControl "4500+10"]

1. e4 e5 2. Nf3 Nc6 3. Bb5 a6 4. Ba4 Nf6 5. O-O Be7 6. d3 b5 7. Bb3 O-O 8.
c3 d6 9. h3 Na5 10. Bc2 c5 11. a4 Bd7 12. Nbd2 Nc6 13. Re1 Qc7 14. Nf1 Be6
15. Ng3 g6 16. Bh6 Rfe8 17. Ng5 Bf8 18. Nxe6 fxe6 19. Bg5 Bg7 20. Bb3 Qd7
21. Qf3 Na5 22. Bc2 Rf8 23. axb5 axb5 24. b4 cxb4 25. cxb4 Nc6 26. Rxa8
Rxa8 27. Ne2 Rf8 28. Bb3 Nxb4 29. d4 exd4 30. Nxd4 d5 31. exd5 exd5 32. Qc3
Na6 33. Ne6 Ne4 34. Nxf8 Qf7 35. Qe3 Bxf8 36. Qd4 Bc5 37. Qxd5 Bxf2+ 38.
Kh1 Ng3+ 39. Kh2 Qxd5 40. Bxd5+ Kg7 41. Re7+ { Black resigns } 1-0

[Event "ICC tourney 2398 (75 10)"]
[Site "Internet Chess Club"]
[Date "2021.02.20"]
[Round "3"]
[White "AveryLucasNY"]
[Black "runtilmorrow1"]
[Result "1-0"]
[ICCResult "Black checkmated"]
[WhiteElo "2014"]
[BlackElo "1939"]
[Opening "Benkö gambit"]
[ECO "A57"]
[NIC "BI.46"]
[Time "18:02:17"]
[PlyCount "79"]
[TimeControl "4500+10"]

1. d4 Nf6 2. c4 c5 3. d5 b5 4. Nf3 d6 5. Qc2 g6 6. e4 b4 7. Bg5 Bg7 8. Nbd2
O-O 9. Be2 a5 10. O-O Qc7 11. a3 Na6 12. a4 Bb7 13. Qb3 Rae8 14. h3 e6 15.
Rfe1 Nd7 16. Rad1 exd5 17. exd5 f5 18. Bf4 h6 19. Bd3 Ne5 20. Bb1 Nb8 21.
Nh4 Nbd7 22. Bxe5 Nxe5 23. f4 Qd8 24. Qg3 Nd7 25. Nxg6 Rxe1+ 26. Rxe1 Re8
27. Bxf5 Nf6 28. Be6+ Kh7 29. Qd3 Rxe6 30. Nf8+ Kh8 31. Nxe6 Qe8 32. Nf3
Qg8 33. Nh4 h5 34. Ng6+ Kh7 35. Ne7+ Kh8 36. Nxg8 b3 37. Nxg7 h4 38. Nxf6
Kxg7 39. Qh7+ Kf8 40. Re8# { Black checkmated } 1-0

[Event "ICC tourney 2398 (75 10)"]
[Site "Internet Chess Club"]
[Date "2021.02.20"]
[Round "3"]
[White "drberkley"]
[Black "Heliosis"]
[Result "1-0"]
[ICCResult "Black resigns"]
[WhiteElo "1955"]
[BlackElo "1922"]
[Opening "Vienna gambit"]
[ECO "C29"]
[NIC "VG.03"]
[Time "18:02:35"]
[PlyCount "89"]
[TimeControl "4500+10"]

1. e4 e5 2. Nc3 Nf6 3. f4 d5 4. fxe5 Nxe4 5. Nf3 Bc5 6. d4 Bb4 7. Bd2 Bxc3
8. bxc3 Bg4 9. Bd3 Nxd2 10. Qxd2 Nc6 11. O-O O-O 12. Rab1 Na5 13. Qf4 Bh5
14. g4 Bg6 15. h4 Bxd3 16. cxd3 Qd7 17. g5 Rae8 18. Nh2 Re6 19. Ng4 b6 20.
Rb2 Nc6 21. Nf6+ gxf6 22. gxf6 Kh8 23. Qh6 Rg8+ 24. Rg2 Ree8 25. Rg7 Qg4+
26. Rxg4 Rxg4+ 27. Kf2 Nd8 28. Rg1 Rxg1 29. Kxg1 Rg8+ 30. Kf2 c5 31. Qh5
cxd4 32. cxd4 b5 33. e6 Nxe6 34. Qxf7 Nf4 35. Ke3 Ng2+ 36. Kd2 Nxh4 37.
Qxd5 Rf8 38. Qd6 Ng6 39. d5 h5 40. Qe6 Kh7 41. Qd7+ Kh6 42. Qg7+ Kg5 43. d6
h4 44. d7 h3 45. Qxf8 { Black resigns } 1-0

[Event "ICC tourney 2398 (75 10)"]
[Site "Internet Chess Club"]
[Date "2021.02.20"]
[Round "3"]
[White "ShadowApt"]
[Black "SuperPuzzler"]
[Result "0-1"]
[ICCResult "White checkmated"]
[WhiteElo "2090"]
[BlackElo "2042"]
[Opening "Sicilian: closed"]
[ECO "B23"]
[NIC "SI.44"]
[Time "18:01:43"]
[PlyCount "86"]
[TimeControl "4500+10"]

1. e4 c5 2. Nc3 d6 3. f4 g6 4. Nf3 Bg7 5. Bc4 e6 6. O-O Ne7 7. d4 cxd4 8.
Nb5 O-O 9. Nbxd4 Nbc6 10. Bb3 Na5 11. Be3 b6 12. e5 Bb7 13. Qe2 dxe5 14.
Nxe5 Nxb3 15. axb3 a6 16. Rad1 Qc7 17. Nxe6 fxe6 18. Rd7 Qc8 19. Rxe7 Bf6
20. Rxb7 Qxb7 21. Qg4 Qe7 22. Rd1 Bxe5 23. fxe5 Rf5 24. Bxb6 Rxe5 25. Bd4
Rf5 26. Re1 Raf8 27. Qe4 Qf7 28. Qe2 a5 29. h3 e5 30. Bc5 Re8 31. Qb5 e4
32. Qxa5 e3 33. b4 e2 34. Qa1 Re4 35. Qa8+ Re8 36. Qa1 Qc4 37. Qc1 Re6 38.
Qd2 Rf1+ 39. Kh2 Re8 40. b3 Qe4 41. Bd6 Qe3 42. Qd5+ Kh8 43. Bg3 Qg1# {
White checkmated } 0-1

[Event "ICC tourney 2398 (75 10)"]
[Site "Internet Chess Club"]
[Date "2021.02.20"]
[Round "3"]
[White "atharvajaeel"]
[Black "hpawnbomb"]
[Result "1/2-1/2"]
[ICCResult "Game drawn by repetition"]
[WhiteElo "2150"]
[BlackElo "2188"]
[Opening "King's Indian: 3.g3"]
[ECO "E60"]
[NIC "KI.80"]
[Time "18:02:06"]
[PlyCount "67"]
[TimeControl "4500+10"]

1. d4 Nf6 2. c4 g6 3. g3 Bg7 4. Bg2 c5 5. Nf3 Qa5+ 6. Nc3 Ne4 7. Qd3 cxd4
8. Nxd4 Nc5 9. Qd1 Nc6 10. Nxc6 dxc6 11. O-O Be6 12. Bd2 Qc7 13. Be3 Rd8
14. Qc1 Nd7 15. Bh6 Bxh6 16. Qxh6 Bxc4 17. Ne4 Bd5 18. Ng5 Bxg2 19. Kxg2
Qe5 20. f4 Qf6 21. e4 Qxb2+ 22. Kh3 Rg8 23. e5 Nf8 24. Rab1 Qxa2 25. Rxb7
Ne6 26. f5 Qe2 27. Rf3 Nxg5+ 28. Qxg5 Rd7 29. Rb8+ Rd8 30. Rb7 Rd7 31. Rb8+
Rd8 32. Rb7 Rd7 33. Rb8+ Rd8 34. Rb7 { Game drawn by repetition } 1/2-1/2

[Event "ICC tourney 2398 (75 10)"]
[Site "Internet Chess Club"]
[Date "2021.02.20"]
[Round "3"]
[White "redhawk2020"]
[Black "KittiesRock18"]
[Result "1-0"]
[ICCResult "Black checkmated"]
[WhiteElo "1954"]
[BlackElo "1916"]
[Opening "Sicilian: Canal-Sokolsky attack, 3...Bd7"]
[ECO "B52"]
[NIC "SI.01"]
[Time "18:01:45"]
[PlyCount "151"]
[TimeControl "4500+10"]

1. e4 c5 2. Nf3 d6 3. Bb5+ Bd7 4. Bxd7+ Nxd7 5. O-O Ngf6 6. Re1 e6 7. c3
Be7 8. d4 O-O 9. Bf4 cxd4 10. cxd4 Nh5 11. Be3 Nb6 12. Nbd2 Nf6 13. Bg5 Qd7
14. Rc1 Rac8 15. Qb3 h6 16. Bh4 Rc7 17. Rc3 Rfc8 18. Rec1 Ng4 19. Bxe7 Qxe7
20. e5 dxe5 21. dxe5 Nd5 22. Rxc7 Rxc7 23. Rc4 h5 24. Ne4 Nb6 25. Rc3 Rxc3
26. Qxc3 Qd7 27. Nd6 Qa4 28. g3 Qd1+ 29. Kg2 Qe2 30. Qd2 Qxd2 31. Nxd2 Nxe5
32. Nxb7 Nd3 33. b3 Nd5 34. a3 Kf8 35. Na5 Ke8 36. Nc6 a6 37. Nb8 Nc7 38.
Nc4 Ne1+ 39. Kf1 Nf3 40. h4 Nd4 41. b4 Kd8 42. Nb6 Ncb5 43. Nxa6 Nxa3 44.
Nc5 Kc7 45. Nba4 Nab5 46. Nb2 Kc6 47. Nbd3 Kd5 48. Nf4+ Kc4 49. Nxh5 Kxb4
50. Nd3+ Kc3 51. Ne5 g6 52. Nf6 Nd6 53. g4 Kc2 54. f3 Kd2 55. Kf2 Kc2 56.
Ke3 Nb3 57. Ne4 Nxe4 58. fxe4 Nd2 59. h5 Nf1+ 60. Kf4 gxh5 61. gxh5 f6 62.
h6 fxe5+ 63. Kxe5 Kd3 64. h7 Nd2 65. h8=Q Nc4+ 66. Kf4 Nd2 67. Qd8+ Kc3 68.
e5 Nc4 69. Qc8 Kd3 70. Qxe6 Nxe5 71. Qxe5 Kc4 72. Ke4 Kb3 73. Qc5 Kb2 74.
Kd3 Ka1 75. Kc2 Ka2 76. Qa5# { Black checkmated } 1-0

[Event "ICC tourney 2398 (75 10)"]
[Site "Internet Chess Club"]
[Date "2021.02.20"]
[Round "3"]
[White "Mapking1"]
[Black "el008"]
[Result "1/2-1/2"]
[ICCResult "Game drawn by repetition"]
[WhiteElo "1979"]
[BlackElo "1971"]
[Opening "Sicilian: Najdorf, Byrne (English) attack"]
[ECO "B90"]
[NIC "SI.14"]
[Time "18:02:35"]
[PlyCount "93"]
[TimeControl "4500+10"]

1. e4 c5 2. Nf3 d6 3. d4 cxd4 4. Nxd4 Nf6 5. Nc3 a6 6. Be3 e5 7. Nb3 Be7 8.
f3 Be6 9. Qd2 Nbd7 10. O-O-O O-O 11. Kb1 b5 12. Nd5 Bxd5 13. exd5 Nb6 14.
Bxb6 Qxb6 15. Bd3 a5 16. Nc1 b4 17. g4 a4 18. h4 Ra5 19. Be4 Rc8 20. g5 Nh5
21. Ne2 g6 22. f4 exf4 23. Nxf4 Nxf4 24. Qxf4 Bf8 25. h5 Qc7 26. hxg6 fxg6
27. Bxg6 hxg6 28. Qf6 Qxc2+ 29. Ka1 Qxb2+ 30. Qxb2 Bg7 31. Rd4 b3 32. Rc1
Rc2 33. Rxc2 bxc2 34. Qb8+ Kh7 35. Kb2 Rc5 36. Kc1 Bxd4 37. Qa7+ Kg8 38.
Qb8+ Kf7 39. Qa7+ Kf8 40. Qb8+ Ke7 41. Qb7+ Kd8 42. Qb8+ Kd7 43. Qa7+ Kd8
44. Qb8+ Kd7 45. Qa7+ Kd8 46. Qb8+ Kd7 47. Qa7+ { Game drawn by repetition
} 1/2-1/2

[Event "ICC tourney 2398 (75 10)"]
[Site "Internet Chess Club"]
[Date "2021.02.21"]
[Round "4"]
[White "hpawnbomb"]
[Black "HR2005"]
[Result "1/2-1/2"]
[ICCResult "Game drawn by mutual agreement"]
[WhiteElo "2188"]
[BlackElo "2060"]
[Opening "Sicilian"]
[ECO "B50"]
[NIC "SI.01"]
[Time "11:01:47"]
[PlyCount "55"]
[TimeControl "4500+10"]

1. e4 c5 2. Nf3 d6 3. c3 Nf6 4. Be2 Nc6 5. d4 cxd4 6. cxd4 Nxe4 7. d5 Qa5+
8. Nc3 Nxc3 9. bxc3 Ne5 10. Nxe5 dxe5 11. O-O Bd7 12. Rb1 Qc7 13. f4 g6 14.
fxe5 Bg7 15. e6 fxe6 16. dxe6 Bxe6 17. Bb5+ Bd7 18. Bxd7+ Qxd7 19. Qxd7+
Kxd7 20. Rxb7+ Kc6 21. Rxe7 Bxc3 22. Rff7 Rac8 23. Be3 a5 24. Kf2 Rhf8 25.
Ke2 Rxf7 26. Rxf7 h5 27. Ra7 Kb5 28. g3 { Game drawn by mutual agreement }
1/2-1/2

[Event "ICC tourney 2398 (75 10)"]
[Site "Internet Chess Club"]
[Date "2021.02.21"]
[Round "4"]
[White "runtilmorrow1"]
[Black "Baseballchamp"]
[Result "1/2-1/2"]
[ICCResult "Game drawn by mutual agreement"]
[WhiteElo "1939"]
[BlackElo "1904"]
[Opening "Sicilian: Kan, 5.Nc3"]
[ECO "B43"]
[NIC "SI.41"]
[Time "11:01:32"]
[PlyCount "68"]
[TimeControl "4500+10"]

1. e4 c5 2. Nf3 e6 3. d4 cxd4 4. Nxd4 a6 5. Nc3 Qc7 6. Qd3 Nf6 7. Qg3 d6 8.
Be2 Nc6 9. Be3 g6 10. Rd1 b5 11. Nxc6 Qxc6 12. e5 b4 13. Bf3 d5 14. Ne2 Nd7
15. O-O Bg7 16. Bd4 Qc7 17. c4 Bxe5 18. Bxe5 Qxe5 19. cxd5 Qxg3 20. fxg3
Ne5 21. d6 Nxf3+ 22. Rxf3 Bd7 23. Nf4 Rc8 24. Nd3 a5 25. Ne5 Rf8 26. b3 f6
27. Nc4 Rc5 28. Rf2 e5 29. Rfd2 Be6 30. Rc2 Bxc4 31. Rxc4 Rxc4 32. bxc4 Kd7
33. c5 Rc8 34. Rc1 a4 { Game drawn by mutual agreement } 1/2-1/2

[Event "ICC tourney 2398 (75 10)"]
[Site "Internet Chess Club"]
[Date "2021.02.21"]
[Round "4"]
[White "sirking2800"]
[Black "AveryLucasNY"]
[Result "1-0"]
[ICCResult "Black checkmated"]
[WhiteElo "2005"]
[BlackElo "2014"]
[Opening "Caro-Kann: exchange, Rubinstein variation"]
[ECO "B13"]
[NIC "CK.02"]
[Time "11:01:49"]
[PlyCount "51"]
[TimeControl "4500+10"]

1. e4 c6 2. d4 d5 3. exd5 cxd5 4. Bd3 Nc6 5. c3 Nf6 6. Bf4 Bg4 7. Qc2 e6 8.
Nd2 Bd6 9. Bg5 O-O 10. Bxh7+ Kh8 11. h3 Bf5 12. Bxf5 exf5 13. Qxf5 Re8+ 14.
Kf1 Qb6 15. g3 Qxb2 16. Rb1 Qxc3 17. Bxf6 Qxd2 18. Nf3 Qe2+ 19. Kg2 Qe4 20.
Qh5+ Qh7 21. Qxd5 Bxg3 22. Ng5 Qg6 23. Nxf7+ Kh7 24. Rxb7 Qxf6 25. Qh5+ Kg8
26. Qh8# { Black checkmated } 1-0

[Event "ICC tourney 2398 (75 10)"]
[Site "Internet Chess Club"]
[Date "2021.02.21"]
[Round "4"]
[White "MARMAYOGI11"]
[Black "Lonestarpawn"]
[Result "1-0"]
[ICCResult "Black checkmated"]
[WhiteElo "2141"]
[BlackElo "2011"]
[Opening "Queen's bishop game"]
[ECO "D02"]
[NIC "QP.08"]
[Time "11:01:28"]
[PlyCount "87"]
[TimeControl "4500+10"]

1. d4 d5 2. Nf3 Nf6 3. Bf4 c5 4. e3 Nc6 5. c3 Qb6 6. Qb3 c4 7. Qc2 Bf5 8.
Qc1 e6 9. h3 Be7 10. Nbd2 O-O 11. Be2 Rfc8 12. O-O Qd8 13. Bd1 b5 14. Bc2
Bxc2 15. Qxc2 a5 16. e4 b4 17. exd5 Nxd5 18. Bg3 Na7 19. Ne5 Nb5 20. Nexc4
bxc3 21. bxc3 Ndxc3 22. Rfe1 Bg5 23. Kh1 Qxd4 24. Nf3 Qxc4 25. Nxg5 g6 26.
Be5 Nd4 27. Qd2 Rd8 28. Rac1 Nde2 29. Rxc3 Nxc3 30. Qxc3 Qxc3 31. Bxc3 Rac8
32. Bf6 Rd2 33. Ne4 Rxa2 34. Rd1 a4 35. Rd7 a3 36. Ra7 Re8 37. Kh2 h6 38.
f3 g5 39. h4 gxh4 40. Kh3 Kh7 41. Rxf7+ Kg6 42. Rg7+ Kh5 43. g4+ hxg3 44.
Nxg3# { Black checkmated } 1-0

[Event "ICC tourney 2398 (75 10)"]
[Site "Internet Chess Club"]
[Date "2021.02.21"]
[Round "4"]
[White "KittiesRock18"]
[Black "ShadowApt"]
[Result "1-0"]
[ICCResult "Black resigns"]
[WhiteElo "1916"]
[BlackElo "2090"]
[Opening "Sicilian: Najdorf, Lipnitzky attack"]
[ECO "B86"]
[NIC "SI.13"]
[Time "11:02:15"]
[PlyCount "141"]
[TimeControl "4500+10"]

1. e4 c5 2. Nf3 d6 3. d4 cxd4 4. Nxd4 Nf6 5. Nc3 a6 6. Bc4 e6 7. a4 Be7 8.
O-O Qc7 9. Qe2 O-O 10. Bg5 Nbd7 11. Ba2 b6 12. a5 bxa5 13. Bc4 Bb7 14. Bxe6
fxe6 15. Nxe6 Qb6 16. Nxf8 Rxf8 17. Qc4+ Kh8 18. Be3 Qb4 19. Ra4 Qxc4 20.
Rxc4 Bd8 21. Rd4 Bc7 22. Rfd1 Re8 23. f3 Ne5 24. Bf2 Rb8 25. Ra1 Ne8 26.
Kf1 Bb6 27. Rdd1 Bc6 28. Bxb6 Rxb6 29. b3 Bb7 30. Rd2 Rc6 31. Nd5 Rc5 32.
Ne7 g6 33. c4 Kg7 34. Ke2 Nc6 35. Nd5 Nb4 36. Nxb4 axb4 37. Ra4 Bc6 38.
Rxa6 Kf6 39. Rb6 Ke6 40. Rxb4 Ra5 41. Kd3 Kd7 42. Kc3 Nc7 43. Rb8 Ne8 44.
b4 Ra1 45. c5 Kc7 46. Rxe8 Bxe8 47. cxd6+ Kd7 48. e5 Bf7 49. Kd4 Ra4 50.
Rb2 Ke6 51. f4 h5 52. Kc5 Ra1 53. Kb6 Rc1 54. Ra2 Be8 55. Ra8 Bd7 56. Rf8
Rc4 57. b5 Rb4 58. Rf6+ Kd5 59. Rxg6 Rxf4 60. Rg7 Be6 61. d7 Rf8 62. Kc7
Bxd7 63. Rxd7+ Kxe5 64. b6 Kf4 65. b7 Ke3 66. Rd8 Rf7+ 67. Kc8 Rxb7 68.
Kxb7 Kf2 69. Rg8 Kg1 70. h4 Kh2 71. Rg5 { Black resigns } 1-0

[Event "ICC tourney 2398 (75 10)"]
[Site "Internet Chess Club"]
[Date "2021.02.21"]
[Round "4"]
[White "el008"]
[Black "redhawk2020"]
[Result "1-0"]
[ICCResult "Black resigns"]
[WhiteElo "1971"]
[BlackElo "1954"]
[Opening "Sicilian: accelerated fianchetto, Maróczy bind, 6.Be3"]
[ECO "B38"]
[NIC "SI.33"]
[Time "11:01:21"]
[PlyCount "85"]
[TimeControl "4500+10"]

1. e4 c5 2. Nf3 Nc6 3. d4 cxd4 4. Nxd4 g6 5. c4 Bg7 6. Be3 Nf6 7. Nc3 d6 8.
f3 O-O 9. Be2 Nxd4 10. Bxd4 Nd7 11. O-O Bxd4+ 12. Qxd4 Qb6 13. Qxb6 Nxb6
14. Rfd1 Be6 15. b3 Rfc8 16. Rac1 a5 17. Nd5 Nxd5 18. cxd5 Bd7 19. a3 Kg7
20. Kf2 b5 21. b4 axb4 22. axb4 Ra2 23. Rxc8 Bxc8 24. Rc1 Bd7 25. Rc7 Be8
26. Rc8 Bd7 27. Rc7 Be8 28. Rxe7 Kf8 29. Rb7 Rb2 30. e5 dxe5 31. d6 Rd2 32.
Rb8 f6 33. Ke3 Rd5 34. d7 Rxd7 35. Bxb5 Re7 36. Rxe8+ Rxe8 37. Bxe8 Kxe8
38. Ke4 Kd7 39. Kd5 h5 40. b5 g5 41. b6 h4 42. h3 g4 43. hxg4 { Black
resigns } 1-0

[Event "ICC tourney 2398 (75 10)"]
[Site "Internet Chess Club"]
[Date "2021.02.21"]
[Round "4"]
[White "SuperPuzzler"]
[Black "drberkley"]
[Result "1-0"]
[ICCResult "Black resigns"]
[WhiteElo "2042"]
[BlackElo "1955"]
[Opening "Pirc: classical (two knights) system"]
[ECO "B08"]
[NIC "PU.10"]
[Time "11:03:15"]
[PlyCount "115"]
[TimeControl "4500+10"]

1. e4 d6 2. d4 Nf6 3. Nc3 g6 4. Nf3 Bg7 5. Bc4 O-O 6. O-O a6 7. a4 Nc6 8.
h3 e5 9. dxe5 dxe5 10. Qxd8 Rxd8 11. Bg5 Re8 12. Rad1 Be6 13. Bxe6 fxe6 14.
Rfe1 Rad8 15. Rxd8 Rxd8 16. Nb1 Rd7 17. c3 Nh5 18. Nbd2 h6 19. Be3 Nf4 20.
Nc4 Nd3 21. Rd1 b5 22. axb5 axb5 23. Na3 b4 24. Nc4 Nc5 25. Rxd7 Nxd7 26.
Kf1 Kf7 27. Ke2 g5 28. Ne1 bxc3 29. bxc3 Nf6 30. Kf3 Nd7 31. Nd3 Ne7 32. g3
Bf6 33. Nc5 Nxc5 34. Bxc5 Nc6 35. Ke3 h5 36. Kd3 Be7 37. Bxe7 Kxe7 38. Nd2
Na5 39. Kc2 Kf6 40. Kb2 h4 41. g4 Nc6 42. Nb3 Ne7 43. Nc5 Ng6 44. Nd3 Nf4
45. Nxf4 exf4 46. f3 Ke5 47. Kb3 Kd6 48. Kc4 e5 49. Kb5 Kd7 50. Kc5 c6 51.
Kb6 Kd6 52. c4 Kd7 53. c5 Kd8 54. Kxc6 Kc8 55. Kd6 Kd8 56. c6 Kc8 57. c7
Kb7 58. Kd7 { Black resigns } 1-0

[Event "ICC tourney 2398 (75 10)"]
[Site "Internet Chess Club"]
[Date "2021.02.21"]
[Round "4"]
[White "investigator"]
[Black "atharvajaeel"]
[Result "1-0"]
[ICCResult "Black forfeits on time"]
[WhiteElo "2098"]
[BlackElo "2150"]
[Opening "Réti opening"]
[ECO "A11"]
[NIC "RE.06"]
[Time "11:01:36"]
[PlyCount "105"]
[TimeControl "4500+10"]

1. Nf3 d5 2. c4 c6 3. g3 Nf6 4. Bg2 Bf5 5. Qb3 Qc8 6. cxd5 Bxb1 7. Rxb1
cxd5 8. d3 Nc6 9. Bf4 e6 10. O-O Nh5 11. Bd2 Qc7 12. e4 dxe4 13. dxe4 Nf6
14. Rbc1 Nd7 15. Bc3 Qb6 16. Qa4 Nc5 17. Qc4 Qa6 18. Qxa6 Nxa6 19. a3 Nc5
20. e5 Nb3 21. Rcd1 Bc5 22. Nd2 Nxd2 23. Rxd2 Be7 24. Rfd1 Rc8 25. Rd7 Rd8
26. R7d3 Rxd3 27. Rxd3 Bc5 28. b4 Bb6 29. Kf1 g5 30. f4 h6 31. Rd6 Nd8 32.
Ke2 Ke7 33. a4 gxf4 34. gxf4 Bc7 35. Rd3 Rg8 36. Rg3 Rxg3 37. hxg3 Nc6 38.
Kd3 Bb6 39. a5 Bf2 40. a6 Nb8 41. axb7 Bxg3 42. Ke4 Kd7 43. Kf3 Bh2 44. Bd4
Kc7 45. Kg4 h5+ 46. Kg5 a6 47. Be3 Bg3 48. Kxh5 Be1 49. Bc5 Nd7 50. Bd6+
Kb6 51. Kh6 Bd2 52. Kg7 Bxf4 53. Kxf7 { Black forfeits on time } 1-0

[Event "ICC tourney 2398 (75 10)"]
[Site "Internet Chess Club"]
[Date "2021.02.21"]
[Round "4"]
[White "arsenicblast"]
[Black "Yucheng"]
[Result "0-1"]
[ICCResult "White resigns"]
[WhiteElo "1975"]
[BlackElo "1926"]
[Opening "Giuoco Piano"]
[ECO "C50"]
[NIC "IG.02"]
[Time "11:01:28"]
[PlyCount "104"]
[TimeControl "4500+10"]

1. e4 e5 2. Nf3 Nc6 3. Bc4 Bc5 4. O-O Nf6 5. d3 h6 6. Nbd2 d6 7. c3 O-O 8.
h3 a5 9. a4 Bb6 10. Re1 Ne7 11. Nf1 c6 12. Bb3 Ng6 13. Ng3 Re8 14. d4 d5
15. dxe5 Nxe5 16. Nxe5 Rxe5 17. Bf4 Re8 18. e5 Nd7 19. Bc2 Qh4 20. Qf3 g5
21. Be3 Nxe5 22. Qf6 Bd8 23. Qd6 Nc4 24. Qc5 Bd7 25. Qd4 Nxe3 26. Rxe3 Qxd4
27. Rxe8+ Bxe8 28. cxd4 Bf6 29. Nf5 Bd7 30. Rd1 Bxf5 31. Bxf5 Re8 32. Kf1
Kf8 33. Rd3 Ke7 34. Re3+ Kd8 35. Rxe8+ Kxe8 36. Bc8 b6 37. Ke2 Bxd4 38. b3
Ke7 39. f3 Kd6 40. f4 b5 41. Kd3 Bg7 42. Ba6 bxa4 43. bxa4 c5 44. fxg5 hxg5
45. Bb7 c4+ 46. Kc2 d4 47. Ba6 Kc5 48. Bb5 d3+ 49. Kd2 Kd4 50. g4 c3+ 51.
Kc1 Bf8 52. h4 Ba3+ { White resigns } 0-1